 Dungeon Crawl Stone Soup version 0.28.0-43-g3370ac3207 (webtiles) character file.

Game seed: 5895235221007371228

55 terff the Conjurer (level 4, -3/30 HPs)
             Began as a Human Conjurer on Mar 25, 2022.
             Slain by Terence
             ... wielding a +0 hand axe
              (6 damage)
             ... on level 1 of the Dungeon.
             The game lasted 00:05:01 (1700 turns).

terff the Conjurer (Human Conjurer)                 Turns: 1700, Time: 00:05:02

Health: -3/30      AC:  2    Str:  6 (7)  XL:     4   Next: 14%
Magic:  5/7        EV: 12    Int: 20 (21) God:
Gold:   45         SH:  0    Dex:  8 (11) Spells: 6/7 levels left

rFire   . . .      SeeInvis .   f - +2 short sword (drain)
rCold   . . .      Faith    .   (no shield)
rNeg    . . .      Spirit   .   a - +0 robe
rPois   .          Reflect  .   (no helmet)
rElec   .          Harm     .   (no cloak)
rCorr   .          Rampage  .   (no gloves)
Will    .....                   (no boots)
Stlth   +.........              (no amulet)
HPRegen 0.10/turn               (no ring)
MPRegen 0.10/turn               (no ring)

@: silenced, slowed, very slow
A: no striking features
a: no special abilities


You were on level 1 of the Dungeon.
You visited 1 branch of the dungeon, and saw 2 of its levels.

You collected 45 gold pieces.

Inventory:

Hand Weapons
 d - a +0 dagger
 f - a +2 short sword of draining (weapon)
Armour
 a - a +0 robe (worn)
Scrolls
 b - a scroll of summoning {unknown}
Potions
 c - a potion of degeneration


   Skills:
 + Level 2.2 Dodging
 + Level 2.0 Stealth
 + Level 0.5 Unarmed Combat
 + Level 2.4 Spellcasting
 + Level 4.9 Conjurations


You had 6 spell levels left.
You knew the following spells:

 Your Spells              Type           Power      Damage    Failure   Level
a - Magic Dart            Conj           88%        1d7       1%          1

Your spell library contained the following spells:

 Spells                   Type           Power      Damage    Failure   Level
 Searing Ray              Conj           44%        2d6       3%          2
 Dazzling Flash           Conj/Hex       24%        N/A       16%         3
 Fulminant Prism          Conj/Hex       6%         3d7       47%         4
 Iskenderun's Mystic Bla  Conj/Tloc      12%        2d5       47%         4
 Malign Gateway           Summ/Tloc      1%         N/A       100%        7
 Summon Horrible Things   Summ           1%         N/A       100%        8


Dungeon Overview and Level Annotations

Branches:
Dungeon (2/15)

Altars:

Annotations:
D:1 Terence
D:2 Natasha


Message History

Aiming: Magic Dart (safe; 1% risk of failure)
Press: ? - help, Shift-Dir - straight line, f/p - dart slug
Aim: a dart slug (severely wounded, 100% to hit)
The magic dart hits the dart slug.
You kill the dart slug!
You start resting.
Natasha is nearby!
Terence screams, "I'm going to kill you!"
Found an escape hatch in the ceiling.
Natasha hisses angrily.
Natasha casts a spell.
You see here a +0 club.
You barely miss Natasha. Natasha claws you! Natasha closely misses you.
Natasha claws you. The shadow imp hits you.
Natasha stares at you and mumbles some strange words.
You feel yourself slow down. The shadow imp hits you.
Natasha wildly gestures.
Natasha's front paws start to glow.
Natasha casts a spell.
The shadow imp closely misses you.
Natasha casts a spell.
The shadow imp hits you but does no damage.
There is an escape hatch in the ceiling here.
Terence hits you with a +0 hand axe. The shadow imp closely misses you.
Terence misses you. Natasha closely misses you.
A mysterious force pulls you upwards. The hatch slams shut behind you.
As you read the scroll labelled VAZOASTRYIZOA, it crumbles to dust.
A profound silence engulfs you.
It was a scroll of silence.
Terence hits you with a +0 hand axe!
* * * LOW HITPOINT WARNING * * *
It was a potion of degeneration.
There was something very wrong with that liquid.
You feel weakened.
You feel dopey.
You feel clumsy. Terence hits you with a +0 hand axe.
* * * LOW HITPOINT WARNING * * *
Terence closely misses you. Terence misses you.
Terence hits you with a +0 hand axe.
You die...

######## #......# #.####.#
#.####.#######
#.##.........#
#.##.#.#####.#############
#......# #...@@........#
###...## #############.#
#.).# #.# #...# #.# ##.##
###.# #.# ####### #...#
##.## #.....# #)### #...#
#.....# #.# #...# #.....#
#.#


You could see Terence.

Vanquished Creatures
  An adder (D:2)
  2 dart slugs
  2 endoplasms
  A giant cockroach (D:2)
  5 hobgoblins
  4 jackals (D:1)
  6 ball pythons
  7 bats
  2 frilled lizards
  2 goblins (D:1)
  7 kobolds
  2 rats
41 creatures vanquished.

Notes
Turn   | Place    | Note
-------+----------+-------------------------------------------
     0 | D:1      | terff the Human Conjurer began the quest for the Orb.
     0 | D:1      | Reached XP level 1. HP: 13/13 MP: 3/3
   345 | D:1      | Reached XP level 2. HP: 19/19 MP: 1/5
   986 | D:1      | Reached XP level 3. HP: 24/24 MP: 3/6
  1266 | D:2      | Noticed Natasha
  1463 | D:2      | Noticed Terence
  1661 | D:2      | Reached XP level 4. HP: 29/30 MP: 3/7
  1700 | D:1      | Slain by Terence

Illustrated notes

Levels and vault maps discovered:
D:1:      heliophobic_arrival_enchanted_forest, layout_loops_cross
D:2:      layout_rooms, basic_ecumenical_altar, uniq_natasha, uniq_terence

Action                   |  1- 3 |  4- 6 || total
-------------------------+-------+-------++-------
Melee: Unarmed           |    19 |       ||    19
       Short sword       |     2 |     1 ||     3
 Cast: Magic Dart        |    66 |     3 ||    69
  Use: Scroll            |       |     1 ||     1
       Potion            |       |     1 ||     1
Armor: Robe              |     5 |     1 ||     6
Dodge: Dodged            |    20 |     7 ||    27
